 Dungeon Crawl Stone Soup version 0.30-a0-359-gd0147acb1a (webtiles) character file.

Game seed: 8449606284353893956

4463 ders the Cleaver (level 10, -1/96 HPs)
             Began as a Minotaur Berserker on Nov 11, 2022.
             Was a Priest of Trog.
             Shot with an arrow by a centaur (8 damage)
             ... on level 9 of the Dungeon on Nov 12, 2022.
             The game lasted 00:10:14 (8639 turns).

ders the Cleaver (Minotaur Berserker)               Turns: 8639, Time: 00:10:15

Health: -1/96      AC:  4    Str: 27    XL:     10   Next: 15%
Magic:  9/9        EV: 11    Int:  4    God:    Trog [***...]
Gold:   455        SH:  3    Dex:  9    Spells: 9/9 levels left

rFire   + . .      SeeInvis .    u - +7 hand axe of the Hidden Vale {drain, rF+ Stlth+}
rCold   . . .      Faith    .    g - +1 buckler
rNeg    . . .      Spirit   .    b - +0 animal skin
rPois   .          Reflect  .    (helmet restricted)
rElec   .          Harm     .    i - +0 cloak
rCorr   .          Rampage  .    (no gloves)
Will    .....                    (no boots)
Stlth   ++........               (no amulet)
HPRegen 0.36/turn                (no ring)
MPRegen 0.11/turn                (no ring)

@: studying Axes
A: horns 2, retaliatory headbutt
a: Renounce Religion, Berserk, Trog's Hand


You were on level 9 of the Dungeon.
You worshipped Trog.
Trog was most pleased with you.
You visited 1 branch of the dungeon, and saw 9 of its levels.

You collected 455 gold pieces.

Inventory:

Hand Weapons
 a - a +0 hand axe
 u - the +7 hand axe of the Hidden Vale (weapon) {drain, rF+ Stlth+}
   (You found it on level 5 of the Dungeon)

   A truly terrible weapon, it drains the life of any living foe it strikes.
   rF:        It protects you from fire.
   Stlth:     It makes you more stealthy.
Armour
 b - a +0 animal skin (worn)
 g - a +1 buckler (worn)
 i - a +0 cloak (worn)
 r - a +0 helmet
Jewellery
 c - a ring of protection from cold
 n - a ring of magical power
 v - a ring of flight
 w - an amulet of faith
Wands
 s - a wand of iceblast (6)
 y - a wand of digging (1)
 A - a wand of polymorph (7)
Scrolls
 e - a scroll of vulnerability
 f - 9 scrolls of teleportation
 k - 3 scrolls of silence
 l - 6 scrolls of noise
 m - a scroll of enchant weapon
 t - 2 scrolls of poison {unknown}
Potions
 d - 3 potions of might
 h - a potion of brilliance {unknown}
 j - 2 potions of degeneration
 o - 2 potions of berserk rage
 p - 2 potions of flight
 q - a potion of mutation {unknown}
 x - 2 potions of curing
 z - a potion of invisibility {unknown}


   Skills:
 * Level 11.2 Fighting
 * Level 13.6 Axes
 + Level 7.8 Armour
 - Level 2.1 Dodging
 + Level 4.0 Evocations


You had 9 spell levels left.
You didn't know any spells.
Your spell library was empty.

Dungeon Overview and Level Annotations

Branches:
Dungeon (9/15)             Temple (0/1) D:6
   Lair: D:8-11         Orc: D:9-12

Altars:
Ashenzari
Dithmenos
Fedhas
Gozag
Hepliaklqana
Okawaru
Trog
Vehumet
Wu Jian
Xom
Zin
The Shining One

Shops:
D:4 (


Innate Abilities, Weirdness & Mutations

You have a pair of horns on your head.
You reflexively headbutt those who attack you in melee.


Message History

You feel sick.
The killer bee stings you but does no damage.
The killer bee barely misses you.
You closely miss the killer bee.
The killer bee is almost dead.
You feel sick. The killer bee stings you.
* * * LOW HITPOINT WARNING * * *
The killer bee stings you.
* * * LOW HITPOINT WARNING * * *
You miss the killer bee. Your headbutt misses the killer bee.
The killer bee is almost dead.
You feel sick. The killer bee barely misses you.
You hit the killer bee.
You kill the killer bee!
Trog accepts your kill.
You feel sick.
Your Evocations skill increases to level 4!
You start resting.
You feel sick. x2
You are no longer poisoned.
You start resting.
You feel yourself speed up.
You start resting.
You recover from your berserk rage.
You start resting.
A centaur comes into view.
A centaur is nearby!
The centaur shouts!
The centaur wields a +0 shortbow.
The centaur shoots an arrow.
The arrow hits you!
* * * LOW HITPOINT WARNING * * *
A centaur is nearby!
You feel better.
The centaur shoots an arrow.
The arrow hits you!
* * * LOW HITPOINT WARNING * * *
The centaur shoots an arrow.
The arrow barely misses you.
The centaur shoots an arrow.
The arrow hits you!
* * * LOW HITPOINT WARNING * * *
The centaur shoots an arrow.
The arrow closely misses you.
The centaur shoots an arrow.
The arrow misses you.
The centaur shoots an arrow.
The arrow hits you!
You die...

...### #c.#..
#..#.######
#..#.#....
#.)#.#.#.# #
#..).#.#<###.##..
#.#†.#.#.........
#?#.†#.#..##.####
#....@....#
#...............
##..####.######.
#..# #.# #... ..#
#..## ... #..#
.## ...# ..


You could see a centaur.

Vanquished Creatures
  A hornet (D:8)
  A vampire (D:7)
  8 yaks
  An acid dragon (D:6)
  Duvessa (D:6)
  A water moccasin (D:7)
  A sky beast (D:8)
  An orc warrior (D:7)
  2 ice beasts
  4 black bears
  3 ogres
  3 centaurs
  A gnoll sergeant (D:8)
  3 bullfrogs
  4 scorpions
  A necrophage (D:6)
  Dowan (D:6)
  3 killer bees (D:9)
  2 electric eels (D:8)
  A howler monkey (D:8)
  A jelly (D:7)
  A hound (D:4)
  4 orc priests
  Jessica (D:3)
  3 iguanas
  2 orc wizards
  Robin (D:3)
  4 gnolls (D:8)
  11 adders
  A white imp (D:6)
  2 dart slugs
  9 orcs
  10 ball pythons
  9 endoplasms
  7 giant cockroaches
  14 goblins
  8 hobgoblins
  8 jackals
  7 kobolds
  4 quokkas
  9 bats
  3 frilled lizards
  4 rats
  A spectral goblin (D:5)
167 creatures vanquished.

Vanquished Creatures (others)
  7 plants (D:1)
7 creatures vanquished.

Grand Total: 174 creatures vanquished

Notes
Turn   | Place    | Note
-------+----------+-------------------------------------------
     0 | D:1      | ders the Minotaur Berserker began the quest for the Orb.
     0 | D:1      | Reached XP level 1. HP: 19/19 MP: 0/0
   297 | D:1      | Reached XP level 2. HP: 24/27 MP: 1/1
   329 | D:1      | Reached skill level 4 in Axes
   699 | D:1      | You fall into a shaft and drop 1 floor!
   737 | D:2      | Reached XP level 3. HP: 33/33 MP: 2/2
  1478 | D:2      | Found a blossoming altar of Fedhas.
  1745 | D:2      | Reached ** piety under Trog
  1974 | D:3      | Reached XP level 4. HP: 35/41 MP: 3/3
  2058 | D:3      | Noticed Jessica
  2061 | D:3      | Killed Jessica
  2152 | D:3      | Reached skill level 5 in Axes
  2272 | D:3      | Noticed Robin
  2276 | D:3      | Reached skill level 5 in Fighting
  2283 | D:3      | Killed Robin
  2566 | D:3      | Reached XP level 5. HP: 44/48 MP: 4/4
  2645 | D:3      | Found a radiant altar of Vehumet.
  2645 | D:3      | Found a shimmering altar of Xom.
  2802 | D:4      | Found Fiteitax's Weapon Boutique.
  2889 | D:4      | Noticed a black bear
  2896 | D:4      | Killed a black bear
  2897 | D:4      | Reached XP level 6. HP: 57/57 MP: 5/5
  2913 | D:4      | Reached skill level 6 in Axes
  3442 | D:4      | Reached XP level 7. HP: 31/64 MP: 6/6
  3613 | D:4      | Found a broken altar of Ashenzari.
  3677 | D:4      | Found an iron altar of Okawaru.
  3973 | D:5      | Entered Level 5 of the Dungeon
  4019 | D:5      | Found a hazy altar of Hepliaklqana.
  4067 | D:5      | Found a shadowy altar of Dithmenos.
  4085 | D:5      | Reached skill level 7 in Axes
  4159 | D:5      | Reached *** piety under Trog
  4165 | D:5      | Reached skill level 5 in Armour
  4282 | D:5      | Found a glowing golden altar of the Shining One.
  4494 | D:5      | Reached skill level 8 in Axes
  4494 | D:5      | Reached XP level 8. HP: 73/74 MP: 7/7
  4793 | D:5      | Identified the +7 hand axe of the Hidden Vale {drain, rF+
                  | Stlth+}
  5531 | D:6      | Noticed Dowan
  5532 | D:6      | Noticed Duvessa
  5536 | D:6      | Killed Dowan
  5540 | D:6      | Killed Duvessa
  5541 | D:6      | Reached skill level 9 in Axes
  5541 | D:6      | Reached skill level 1 in Evocations
  5949 | D:6      | Found a staircase to the Ecumenical Temple.
  5972 | D:6      | Reached skill level 10 in Axes
  6022 | D:6      | Found an opulent altar of Gozag.
  6255 | D:6      | Found a glowing silver altar of Zin.
  6459 | D:7      | Reached XP level 9. HP: 68/84 MP: 8/8
  6698 | D:7      | Reached skill level 11 in Axes
  6907 | D:7      | Identified the +10 hand axe of Circular Logic {vorpal,
                  | rPois rCorr Str-5 Dex+2}
  7530 | D:8      | Reached skill level 10 in Fighting
  7770 | D:8      | Paralysed by a hornet for 1 turns
  7777 | D:8      | Paralysed by a hornet for 3 turns
  7782 | D:8      | Reached skill level 12 in Axes
  8082 | D:8      | Found an ornate altar of the Wu Jian Council.
  8200 | D:8      | Found a bloodstained altar of Trog.
  8587 | D:9      | Reached skill level 13 in Axes
  8588 | D:9      | Reached XP level 10. HP: 95/95 MP: 9/9
  8639 | D:9      | Shot with an arrow by a centaur

Illustrated notes

Levels and vault maps discovered:
D:1:      dpeg_arrival_pits, layout_loops_ring, serial_bayou_lagoon_b
D:2:      layout_basic, basic_altar
D:3:      layout_basic, nicolae_overflow_two_pavilions, minmay_statues_item,
          minmay_misc_feat_ornament, chequers_serial_rivers_micro_a,
          kennysheep_jessica_study, uniq_robin
D:4:      layout_loops_cross, ashenzari_altar_1, mainiacjoe_overflow_catwalk,
          serial_shops, shop, st_stairs_14
D:5:      layout_basic, tso_altar, kennysheep_mini_moat,
          nicolae_hepliaklqana_monster_ancestors, minmay_manual_monstrance
D:6:      layout_basic, pdpol_temple_overflow_zin_treasury_gozag_greed,
          minmay_temple_entry_offerings, corexii_leaking_fountain, uniq_duvessa
D:7:      layout_basic
D:8:      layout_rooms, mainiacjoe_overflow_catch_the_wave
D:9:      layout_loops_ring, tgw_sif, uniq_harold

Skill      XL: |  1  2  3  4  5  6  7  8  9 10 |
---------------+-------------------------------+-----
Fighting       | 4 5 6 8 9 11 | 11.2
Axes           | 4 5 6 8 10 13 | 13.6
Armour         | 3 4 5 6 7 |  7.8
Evocations     | 2 3 4 |  4.0
Dodging        | |  2.1

Action                   |  1- 3 |  4- 6 |  7- 9 | 10-12 || total
-------------------------+-------+-------+-------+-------++-------
Melee: Hand axe          |    67 |    93 |   194 |    19 ||   373
       Headbutt          |    11 |     5 |    36 |     3 ||    55
Invok: Berserk           |     1 |     5 |     8 |       ||    14
       Trog's Hand       |       |       |     2 |       ||     2
Evoke: Wand              |       |       |     2 |       ||     2
  Use: Scroll            |       |     7 |     7 |       ||    14
       Potion            |       |       |     2 |     1 ||     3
 Stab: Sleeping          |     2 |     1 |     2 |       ||     5
Armor: Animal skin       |    19 |    26 |    26 |     2 ||    73
Dodge: Dodged            |    51 |    59 |    78 |     8 ||   196
Block: Buckler           |     2 |     7 |    14 |     1 ||    24

Table legend: (Time is in decaauts)
 A = Elapsed time spent in this place.
 B = Non-inter-level travel time spent in this place.
 C = Inter-level travel time spent in this place.
 D = Time resting spent in this place.
 E = Time spent auto-exploring this place.
 F = Levels seen in this place.
 G = Mean time per level.
                   A        B        C        D        E       F      G
               +--------+--------+--------+--------+--------+-----+--------+
         Total |   8789 |   8472 |    317 |   2462 |   5059 |   9 |  976.6 |
       Dungeon |   8789 |   8472 |    317 |   2462 |   5059 |   9 |  976.6 |
               +--------+--------+--------+--------+--------+-----+--------+

Top non-repeatable levels by time:
     D:5: 1452 daAuts
     D:4: 1200 daAuts
     D:8: 1166 daAuts
     D:7: 1068 daAuts
     D:1: 1048 daAuts
     D:6: 983 daAuts
     D:3: 972 daAuts
     D:2: 833 daAuts
     D:9: 64 daAuts
